 Dungeon Crawl Stone Soup version 0.28.0 (webtiles) character file.

Game seed: 18268626117327727153

1191 SnakkuSnakku7 the Magician (level 8, 0/54 HPs)
             Began as a Djinni Gladiator on Feb 10, 2022.
             Slain by a water moccasin (5 damage)
             ... on level 7 of the Dungeon.
             The game lasted 00:07:01 (5288 turns).

SnakkuSnakku7 the Magician (Djinni Gladiator)       Turns: 5288, Time: 00:07:02

Health: 0/54       AC:  5    Str: 17    XL:     8   Next: 71%
Gold:   149        EV: 12    Int: 13    God:
                   SH:  3    Dex: 14

rFire   + . .      SeeInvis .   a - +7 spear "Haan" {pain, Str+4}
rCold   . . .      Faith    .   i - +0 buckler
rNeg    . . .      Spirit   .   b - +0 leather armour
rPois   ∞          Reflect  .   c - +1 helmet
rElec   .          Harm     .   (no cloak)
rCorr   .          Rampage  .   (no gloves)
Will    .....                   (boots unavailable)
Stlth   +.........              (no amulet)
HPRegen 0.18/turn               n - ring of ice
MPRegen 0.00/turn               (no ring)

@: flying
A: sickness immunity, fire resistance 2, cold vulnerability 1, float, innate
caster, HP casting, extra vitality 1
a: no special abilities


You were on level 7 of the Dungeon.
You visited 1 branch of the dungeon, and saw 7 of its levels.

You collected 335 gold pieces.
You spent 186 gold pieces at shops.

Inventory:

Hand Weapons
 a - the +7 spear "Haan" (weapon) {pain, Str+4}
   (You found it on level 3 of the Dungeon)

   In the hands of one skilled in necromantic magic, it inflicts extra damage on
   living creatures.
   Your inability to study Necromancy prevents you from drawing on the full
   power of this weapon.
   Str:       It affects your strength (+4).
Armour
 b - a +0 leather armour (worn)
 c - a +1 helmet (worn)
 i - a +0 buckler (worn)
Magical Staves
 p - a staff of poison
Jewellery
 n - a ring of ice (left hand)
Wands
 k - a wand of polymorph (9)
 v - a wand of acid (5)
Scrolls
 e - 3 scrolls of teleportation
 g - a scroll of enchant weapon
 m - 2 scrolls of immolation {unknown}
 q - a scroll of identify
 r - a scroll of vulnerability {unknown}
 s - a scroll of brand weapon
 u - a scroll of blinking {unknown}
Potions
 f - a potion of might {unknown}
 h - a potion of cancellation
 j - a potion of lignification
 l - 2 potions of curing
 o - a potion of haste
 t - a potion of mutation
 w - a potion of attraction {unknown}


   Skills:
 - Level 2.0 Fighting
 - Level 2.6 Staves
 - Level 1.5 Throwing
 - Level 3.2 Dodging
 + Level 7.4 Spellcasting


You had 15 spell levels left.
You knew the following spells:

 Your Spells              Type           Power      Damage    Failure   Level
a - Slow                  Hex            96%        N/A       1%          1
b - Passwall              Tmut/Erth      20%        N/A       1%          2
c - Confusing Touch       Hex            24%        N/A       3%          3
Your spell library was empty.

Dungeon Overview and Level Annotations

Branches:
Dungeon (8/15)             Temple (0/1) D:4
   Lair: D:8-11

Altars:
Dithmenos
Qazlal
Trog
Wu Jian
Xom

Shops:
D:2 *   D:4 !


Innate Abilities, Weirdness & Mutations

You are immune to sickness and miasma.
You are immune to poison.
Your flesh is very heat resistant. (rF++)
You are vulnerable to cold. (rC-)
You float through the air rather than walking.
You learn spells naturally, not from books.
Your magical power is your life essence.
You have superior vitality. (+4 MHP)


Message History

The howler monkey hoots and howls with incredible vigour!
The orc warrior struggles against the net.
The net rips apart, and the orc warrior comes free!
The bullfrog croaks.
You hear a shout!
Okay, then.
Found 23 stones.
You see here a +0 chain mail.
A howler monkey zombie comes into view.
A centaur zombie comes into view.
Found a shimmering altar of Xom.
A water moccasin comes into view.
The orc hits you but does no damage. The centaur zombie barely misses you.
The centaur zombie kicks you but does no damage.
The water moccasin moves out of view.
The water moccasin hisses angrily.
The centaur zombie misses you. The centaur zombie barely misses you.
A centaur skeleton comes into view.
A killer bee zombie comes into view.
The centaur zombie hits you.
* * * LOW HITPOINT WARNING * * *
The centaur zombie misses you.
The howler monkey zombie hits you but does no damage.
The centaur zombie hits you but does no damage.
The centaur zombie closely misses you.
The killer bee zombie moves out of view.
An orc warrior comes into view. It is wielding a +0 broad axe.
The centaur zombie hits you.
* * * LOW HITPOINT WARNING * * *
The centaur zombie kicks you but does no damage.
The water moccasin bites you but does no damage.
Unknown command.
An orc wizard comes into view. It is wielding a +0 dagger.
You hear the faint creaking of a very distant portcullis.
You block the centaur zombie's attack. The centaur zombie barely misses you.
The centaur skeleton hits you but does no damage.
The centaur skeleton misses you.
Unknown command.
The orc wizard shouts!
The water moccasin bites you.
You die...

#. .#...##
#.#...#..##
#.#≈≈≈≈≈o..
#.≈≈...≈o##
#.≈.○...≈.#
#.≈.○_..≈.##
#.≈.....≈...
#.@SZ..≈≈.#
###Z≈≈≈≈#.
#F...##.#
#ooF....#
#Fh#Z####
#####.Z#.#
#.F.W>>#.#####.#
#h####.........#
#.# ###)######


You could see 2 orc warriors, a water moccasin, 3 bullfrogs, a howler monkey, an
orc wizard, an orc, 2 centaur zombies, a howler monkey zombie and a centaur
skeleton.

Vanquished Creatures
  A water moccasin (D:5)
  2 ice beasts
  A black bear (D:4)
  A necrophage (D:7)
  A hornet zombie (D:8)
  A scorpion (D:5)
  4 wights (D:8)
  A howler monkey (D:7)
  2 hounds (D:4)
  A centaur skeleton (D:4)
  2 iguanas
  8 adders
  4 gnolls
  A white imp (D:5)
  An ufetubus (D:4)
  An adder skeleton (D:4)
  2 worms
  3 dart slugs (D:2)
  13 orcs
  8 endoplasms
  4 giant cockroaches
  8 goblins
  4 hobgoblins
  4 jackals
  3 ball pythons
  4 bats
  A frilled lizard (D:2)
  7 kobolds
  4 rats
97 creatures vanquished.

Notes
Turn   | Place    | Note
-------+----------+-------------------------------------------
     0 | D:1      | SnakkuSnakku7 the Djinni Gladiator began the quest for the
                  | Orb.
     0 | D:1      | Reached XP level 1. HP: 18/18 MP: 0/0
    39 | D:1      | Found a faded altar of an unknown god.
   300 | D:1      | Reached skill level 1 in Spellcasting
   300 | D:1      | Reached XP level 2. HP: 23/23 MP: 0/0
   887 | D:2      | Reached XP level 3. HP: 22/28 MP: 0/0
   887 | D:2      | Learned a level 1 spell: Slow
   994 | D:2      | Found Oriker's General Store.
  1009 | D:2      | Bought a scroll of identify for 28 gold pieces
  1079 | D:2      | Reached skill level 2 in Spellcasting
  1209 | D:2      | Reached XP level 4. HP: 15/33 MP: 0/0
  1676 | D:2      | Reached skill level 3 in Spellcasting
  1867 | D:2      | Reached XP level 5. HP: 38/38 MP: 0/0
  1867 | D:2      | Learned a level 2 spell: Passwall
  2152 | D:3      | Found an ornate altar of the Wu Jian Council.
  2198 | D:3      | Found a bloodstained altar of Trog.
  2217 | D:3      | Identified the +7 spear "Haan" {pain, Str+4}
  2909 | D:4      | Reached XP level 6. HP: 43/43 MP: 0/0
  2918 | D:4      | Reached skill level 4 in Spellcasting
  3010 | D:4      | Found Woej's Distillery.
  3098 | D:2      | Bought a scroll of identify for 28 gold pieces
  3138 | D:4      | Noticed a black bear
  3149 | D:4      | Killed a black bear
  3390 | D:4      | Found a staircase to the Ecumenical Temple.
  3418 | D:4      | Reached skill level 5 in Spellcasting
  3418 | D:4      | Reached XP level 7. HP: 32/49 MP: 0/0
  3418 | D:4      | Learned a level 3 spell: Confusing Touch
  3428 | D:4      | Bought a potion of curing for 30 gold pieces
  3428 | D:4      | Bought a potion of haste for 100 gold pieces
  3452 | D:4      | Found a shadowy altar of Dithmenos.
  3757 | D:5      | Entered Level 5 of the Dungeon
  3793 | D:5      | Found a stormy altar of Qazlal.
  3900 | D:5      | Noticed a water moccasin
  3916 | D:5      | Killed a water moccasin
  3917 | D:5      | Reached skill level 6 in Spellcasting
  4485 | D:5      | Reached XP level 8. HP: 45/54 MP: 0/0
  4494 | D:5      | You are sucked into a shaft and drop 3 floors!
  5140 | D:8      | Reached skill level 7 in Spellcasting
  5283 | D:7      | Found a shimmering altar of Xom.
  5288 | D:7      | Slain by a water moccasin

Illustrated notes

Levels and vault maps discovered:
D:1:      ebering_hopf_link, layout_loops_corners,
          shapermc_ecumenical_altar_mp_ritualfount
D:2:      layout_rooms, serial_shops, shop, kennysheep_another_room, st_stairs_4
D:3:      layout_basic, mainiacjoe_overflow_concentric_impassable,
          mainiacjoe_overflow_catwalk, roderic_lattice_a
D:4:      layout_rooms, grunt_dithmenos_smoke_and_mirrors,
          minmay_temple_entry_enclosed_plants, serial_shops, shop
D:5:      layout_basic, grunt_qazlal_sundering, minivault_14,
          minmay_fire_ice_demons
D:7:      layout_loops_ring, xom_confusion_cloud,
          lemuel_zombie_altar_yredelemnul, enter_bailey_8, serial_aquarium,
          aquarium_bridge_straight [aquarium_subvault_bridge,
          aquarium_subvault_window, aquarium_subvault_bridge,
          aquarium_subvault_wall], aquarium_window_corridor_3,
          aquarium_window_fake, aquarium_window_1, aquarium_window_1,
          aquarium_view_4, aquarium_view_2d, aquarium_pool_2, kb_rosetta,
          uniq_maggie, uniq_menkaure
D:8:      layout_layer_cave, nicolae_tso_carved_into_rock

Skill      XL: |  1  2  3  4  5  6  7  8 |
---------------+-------------------------+-----
Spellcasting   | 1 2 3 5 6 7 |  7.4
Fighting       | |  2.0
Staves         | |  2.6
Throwing       | |  1.5
Dodging        | |  3.2

Action                   |  1- 3 |  4- 6 |  7- 9 || total
-------------------------+-------+-------+-------++-------
Melee: Quarterstaff      |    19 |       |       ||    19
       Dagger            |    94 |    94 |       ||   188
       Punch             |     2 |       |       ||     2
       Spear             |       |    81 |   145 ||   226
Throw: Throwing net      |       |     1 |     3 ||     4
  Use: Scroll            |     4 |     7 |       ||    11
 Stab: Held in net/web   |       |     1 |       ||     1
       Sleeping          |       |     2 |       ||     2
Armor: Leather armour    |    20 |    56 |    40 ||   116
Dodge: Dodged            |    69 |    86 |    72 ||   227
Block: Buckler           |    11 |    23 |    19 ||    53
